Senateurs vs Sharks

Created - February 13, 2021 at 20:40

Goals
1 2 3 T
Senateurs 1 1 1 3
Sharks 2 3 1 6
Shots
1 2 3 T
Senateurs 13 11 5 29
Sharks 5 8 12 25

1st period

1. Senateurs , Sidney Crosby 25 (Reilly Smith 16) at 3:31 (PP)
2. Sharks , Jason Spezza 22 (Nick Palmieri 24) at 5:53
3. Sharks , Milan Michalek 12 (PK Subban 19, Drew Doughty 34) at 16:05

Penalties :
Luke Adam (SJS) for Hooking (Minor) at 2:18, Jason Spezza (SJS) for Tripping (Minor) at 8:11, Oskar Osala (SJS) for Diving (Minor) at 12:32

2nd period

4. Sharks , Luke Adam 9 (Drew Doughty 35, Milan Michalek 14) at 3:22
5. Senateurs , Sidney Crosby 26 (Derek Boogaard 20, Cody Franson 19) at 6:21 (PP)
6. Sharks , Milan Michalek 13 (Luke Adam 11, Andrej Sekera 11) at 9:02
7. Sharks , Karl Alzner 4 (Luke Adam 12) at 12:06

Penalties :
Luke Adam (SJS) for High sticking (Double Minor) at 4:25, Jason Spezza (SJS) for Roughing (Minor) at 19:03

3rd period

8. Senateurs , Reilly Smith 16 (Sidney Crosby 36, Derek Boogaard 21) at 3:56
9. Sharks , Jason Spezza 23 (Drew Doughty 36) at 19:48 (PP)

Penalties :
Nick Palmieri (SJS) for Tripping (Minor) at 11:30, Arturs Kulda (Ott) for Hooking (Minor) at 19:44

Goalie Stats

Jaroslav Halak (Ott), 5 saves from 9 shots - (0.556), L, 22-18-6, 29:02 minutes
Jonas Hiller (Ott), 14 saves from 16 shots - (0.875), 30:58 minutes
Ryan Miller (SJS), 26 saves from 29 shots - (0.897), W, 21-10-10, 60:00 minutes

Players Stats for Senateurs

Player Name              G  A  P  +/- PIM S  H  SB GA TA FO     MP     PP MP  PK MP  
------------------------------------------------------------------------------------
Anthony Bitetto          0  0  0  -1  0   0  0  0  0  0  0/0     1:57   0:00   0:00 
Arturs Kulda             0  0  0   0  2   0  1  2  0  0  0/0    12:43   0:00   0:00 
Brandon Burlon           0  0  0   0  0   1  0  2  0  1  0/0    12:44   0:00   0:00 
Brian McGrattan          0  0  0  -1  0   0  0  0  0  0  0/0     6:39   0:01   0:00 
Cody Franson             0  1  1  -1  0   1  2  0  1  0  0/0    24:21   8:08   0:04 
Colby Armstrong          0  0  0   0  0   2  2  1  0  0  0/1    19:28   6:50   0:00 
Derek Boogaard           0  2  2  -1  0   1  0  3  0  0  0/0    19:47   6:13   0:04 
Dion Phaneuf             0  0  0  -2  0   2  2  2  1  1  0/0    25:48   8:08   0:04 
Eric Gelinas             0  0  0  -2  0   1  2  0  0  1  0/0    21:34   4:56   0:00 
Marek Svatos             0  0  0  -3  0   2  1  1  2  1  0/0    15:22   0:04   0:00 
Matt Martin              0  0  0   0  0   1  0  0  0  0  0/0    19:25   6:50   0:00 
Maxim Lapierre           0  0  0  -3  0   3  0  1  1  0  1/4    15:16   0:01   0:00 
Nate Prosser             0  0  0  -2  0   0  1  0  0  0  0/0    20:58   4:56   0:00 
Nick Bjugstad            0  0  0   0  0   2  3  0  1  1  8/15   19:18   6:50   0:00 
Peter Regin              0  0  0   0  0   1  0  0  0  0  0/1     5:52   0:00   0:00 
Reilly Smith             1  1  2  -1  0   4  1  1  0  0  2/2    19:42   6:13   0:00 
Sergei Kostitsyn         0  0  0  -2  0   0  3  0  0  0  0/1    14:55   0:00   0:00 
Sidney Crosby            2  1  3  -1  0   8  3  1  0  0  16/30  24:06   6:10   0:04 

Players Stats for Sharks

Player Name              G  A  P  +/- PIM S  H  SB GA TA FO     MP     PP MP  PK MP  
------------------------------------------------------------------------------------
Andrej Sekera            0  1  1   2  0   0  2  0  0  0  0/0    12:13   0:00   0:08 
Bobby Butler             0  0  0   3  0   0  1  0  1  0  0/0    11:58   0:00   0:00 
Boone Jenner             0  0  0   0  0   0  2  1  0  2  3/7    14:50   0:00   2:19 
Brandon Dubinsky         0  0  0   0  0   0  0  0  0  0  0/1    17:20   0:00   5:13 
Brayden McNabb           0  0  0   2  0   2  3  0  0  0  0/0    12:13   0:00   0:08 
Drew Doughty             0  3  3   1  0   2  5  5  1  0  0/0    25:59   0:04   6:51 
Jason Spezza             2  0  2   1  4   5  0  1  1  1  14/30  20:18   0:04   5:18 
Jiri Tlusty              0  0  0   0  0   1  0  0  0  1  0/0     8:10   0:00   0:00 
Karl Alzner              1  0  1   1  0   2  0  2  0  0  0/0    21:23   0:00   6:05 
Luke Adam                1  2  3   3  6   2  0  0  1  1  3/5    10:52   0:00   0:00 
Mike Cammalleri          0  0  0   1  0   1  3  1  0  0  0/2    18:51   0:04   3:43 
Milan Michalek           2  1  3   3  0   2  3  0  0  0  0/0    11:57   0:00   0:00 
Nick Palmieri            0  1  1   1  2   2  2  1  0  1  2/2    21:49   0:04   6:31 
Oskar Osala              0  0  0   0  2   0  2  0  0  0  0/0    10:54   0:00   0:00 
PK Subban                0  1  1   1  0   2  3  3  1  0  0/0    25:59   0:04   6:51 
T.J. Hensick             0  0  0   0  0   0  1  0  0  0  3/4     9:02   0:00   0:11 
Tyler Cuma               0  0  0   1  0   3  1  0  0  0  0/0    21:23   0:00   6:05 
Zach Boychuk             0  0  0   0  0   1  1  1  0  0  2/3    11:39   0:00   2:53 

3 Stars

1 - Milan Michalek (SJS)
2 - Drew Doughty (SJS)
3 - Sidney Crosby (Ott)

Power Play

Senateurs - 2 on 7 Attempt(s) - 28.57%
Sharks - 1 on 1 Attempt(s) - 100.00%

Penalty Kill

Senateurs - 0 on 1 Attempt(s) - 0.00% - Score 0 goal in Penalty Kill
Sharks - 5 on 7 Attempt(s) - 71.43% - Score 0 goal in Penalty Kill

Team Stat

Senateurs - Hits : 21 - Faceoff Wins : 27 - Blocked Shots : 14 - Penalty Minutes : 2
Sharks - Hits : 29 - Faceoff Wins : 27 - Blocked Shots : 15 - Penalty Minutes : 14

Official

Referees : Unknown
Linesman : Unknown

Game Notes

Jonas Hiller enters game at 9:02 of 2nd period

Finance

Level 1 -- Attendance: 4482 (74.70%) -- Ticket Income $515,430
Level 2 -- Attendance: 3885 (77.70%) -- Ticket Income $291,375
Level 3 -- Attendance: 1314 (65.70%) -- Ticket Income $65,700
Level 4 -- Attendance: 2959 (73.98%) -- Ticket Income $88,770
Luxury Box -- Attendance: 817 (81.70%) -- Ticket Income $171,570
Game was played at the Hockey Place Center.
Total Attendance: 13457 (74.76%)
Total Ticket Income: $1,132,845
Other Income: $169,927
Total Income: $1,302,772

Senateurs

5 vs 5 Forward 
   Center                   Left Wing                Right Wing               Time % Phy DF OF 
 1 Sidney Crosby            Derek Boogaard           Reilly Smith             40     1   2  2  
 2 Nick Bjugstad            Matt Martin              Colby Armstrong          30     1   2  2  
 3 Maxim Lapierre           Sergei Kostitsyn         Marek Svatos             20     1   2  2  
 4 Peter Regin              Sidney Crosby            Brian McGrattan          10     1   2  2  

5 vs 5 Defense 
   Defense                  Defense                                           Time % Phy DF OF 
 1 Dion Phaneuf             Cody Franson                                      40     1   2  2  
 2 Eric Gelinas             Nate Prosser                                      30     1   2  2  
 3 Brandon Burlon           Arturs Kulda                                      20     1   2  2  
 4 Anthony Bitetto          Dion Phaneuf                                      10     1   2  2  

PowerPlay Forward 
   Center                   Left Wing                Right Wing               Time % Phy DF OF 
 1 Sidney Crosby            Derek Boogaard           Reilly Smith             60     1   2  2  
 2 Nick Bjugstad            Matt Martin              Colby Armstrong          40     1   2  2  

PowerPlay Defense
   Defense                  Defense                                           Time % Phy DF OF 
 1 Dion Phaneuf             Cody Franson                                      60     1   2  2  
 2 Eric Gelinas             Nate Prosser                                      40     1   2  2  

Penalty Kill 4 Players Forward 
   Center                   Wing                     Time % Phy DF OF 
 1 Sidney Crosby            Derek Boogaard           60     1   2  2  
 2 Matt Martin              Reilly Smith             40     1   2  2  

Penalty Kill 4 Players Defense
   Defense                  Defense                  Time % Phy DF OF 
 1 Dion Phaneuf             Cody Franson             60     1   2  2  
 2 Eric Gelinas             Nate Prosser             40     1   2  2  

Penalty Kill - 3 Players Forward 
   Forward                                           Time % Phy DF OF 
 1 Sidney Crosby                                     60     1   2  2  
 2 Derek Boogaard                                    40     1   2  2  

Penalty Kill - 3 Players Defense
   Defense                  Defense                  Time % Phy DF OF 
 1 Dion Phaneuf             Cody Franson             60     1   2  2  
 2 Eric Gelinas             Nate Prosser             40     1   2  2  

4 vs 4 Forward 
   Center                   Wing                     Time % Phy DF OF 
 1 Sidney Crosby            Derek Boogaard           60     1   2  2  
 2 Matt Martin              Reilly Smith             40     1   2  2  

4 vs 4 Defense
   Defense                  Defense                  Time % Phy DF OF 
 1 Dion Phaneuf             Cody Franson             60     1   2  2  
 2 Eric Gelinas             Nate Prosser             40     1   2  2  

Last Minutes Offensive
   Center                   Left Wing                Right Wing               Defense                  Defense                  
   Sidney Crosby            Derek Boogaard           Reilly Smith             Dion Phaneuf             Cody Franson             

Last Minutes Defensive
   Center                   Left Wing                Right Wing               Defense                  Defense                  
   Sidney Crosby            Derek Boogaard           Reilly Smith             Dion Phaneuf             Cody Franson             

Goaltenders
Starting : Jaroslav Halak           
Backup : Jonas Hiller             

Extra Forwards
Normal : Marek Svatos, Maxim Lapierre, Peter Regin - PP : Marek Svatos, Maxim Lapierre - PK : Peter Regin
Extra Defensemen
Normal : Brandon Burlon, Arturs Kulda, Anthony Bitetto - PP : Brandon Burlon - PK : Arturs Kulda, Anthony Bitetto
Penalty Shots
Sidney Crosby, Derek Boogaard, Matt Martin, Reilly Smith, Colby Armstrong

Scratches
Matt Moulson (Healthy)

Sharks

5 vs 5 Forward 
   Center                   Left Wing                Right Wing               Time % Phy DF OF 
 1 Jason Spezza             Mike Cammalleri          Nick Palmieri            40     1   2  2  
 2 Boone Jenner             Brandon Dubinsky         Oskar Osala              30     1   2  2  
 3 Luke Adam                Milan Michalek           Bobby Butler             20     1   2  2  
 4 T.J. Hensick             Zach Boychuk             Jiri Tlusty              10     1   2  2  

5 vs 5 Defense 
   Defense                  Defense                                           Time % Phy DF OF 
 1 Drew Doughty             PK Subban                                         40     1   2  2  
 2 Tyler Cuma               Karl Alzner                                       30     1   2  2  
 3 Andrej Sekera            Brayden McNabb                                    20     1   2  2  
 4 Drew Doughty             PK Subban                                         10     1   2  2  

PowerPlay Forward 
   Center                   Left Wing                Right Wing               Time % Phy DF OF 
 1 Jason Spezza             Mike Cammalleri          Nick Palmieri            60     1   1  3  
 2 T.J. Hensick             Brandon Dubinsky         Oskar Osala              40     1   1  3  

PowerPlay Defense
   Defense                  Defense                                           Time % Phy DF OF 
 1 Drew Doughty             PK Subban                                         60     1   1  3  
 2 Tyler Cuma               Karl Alzner                                       40     1   1  3  

Penalty Kill 4 Players Forward 
   Center                   Wing                     Time % Phy DF OF 
 1 Jason Spezza             Nick Palmieri            60     1   4  0  
 2 Mike Cammalleri          Brandon Dubinsky         40     1   4  0  

Penalty Kill 4 Players Defense
   Defense                  Defense                  Time % Phy DF OF 
 1 Drew Doughty             PK Subban                60     1   4  0  
 2 Tyler Cuma               Karl Alzner              40     1   4  0  

Penalty Kill - 3 Players Forward 
   Forward                                           Time % Phy DF OF 
 1 Jason Spezza                                      60     1   4  0  
 2 Nick Palmieri                                     40     1   4  0  

Penalty Kill - 3 Players Defense
   Defense                  Defense                  Time % Phy DF OF 
 1 Drew Doughty             PK Subban                60     1   4  0  
 2 Tyler Cuma               Karl Alzner              40     1   4  0  

4 vs 4 Forward 
   Center                   Wing                     Time % Phy DF OF 
 1 Jason Spezza             Nick Palmieri            60     1   2  2  
 2 Mike Cammalleri          Brandon Dubinsky         40     1   2  2  

4 vs 4 Defense
   Defense                  Defense                  Time % Phy DF OF 
 1 Drew Doughty             PK Subban                60     1   2  2  
 2 Tyler Cuma               Karl Alzner              40     1   2  2  

Last Minutes Offensive
   Center                   Left Wing                Right Wing               Defense                  Defense                  
   Jason Spezza             Mike Cammalleri          Nick Palmieri            Drew Doughty             PK Subban                

Last Minutes Defensive
   Center                   Left Wing                Right Wing               Defense                  Defense                  
   Jason Spezza             Mike Cammalleri          Nick Palmieri            Drew Doughty             PK Subban                

Goaltenders
Starting : Ryan Miller              
Backup : Antti Niemi              

Extra Forwards
Normal : Milan Michalek, Bobby Butler, Zach Boychuk - PP : Milan Michalek, Bobby Butler - PK : Zach Boychuk
Extra Defensemen
Normal : Andrej Sekera, Brayden McNabb, Tyler Cuma - PP : Andrej Sekera - PK : Brayden McNabb, Tyler Cuma
Penalty Shots
Jason Spezza, Nick Palmieri, Mike Cammalleri, Brandon Dubinsky, Milan Michalek

Scratches
David Rundblad (Healthy)

% Time on Ice - Senateurs

Lines # - Real PCT - Wanted PCT - Time Play
Normal Forward
1 - 31% - 40% - 14:18
2 - 30% - 30% - 13:57
3 - 30% - 20% - 14:00
4 - 10% - 10% - 4:37
Normal Defense
1 - 34% - 40% - 16:09
2 - 34% - 30% - 16:02
3 - 27% - 20% - 12:44
4 - 4% - 10% - 1:57
PP Forward
1 - 48% - 60% - 6:14
2 - 52% - 40% - 6:50
PP Defense
1 - 62% - 60% - 8:08
2 - 38% - 40% - 4:56
PK Forward
1 - 100% - 60% - 0:04
2 - 0% - 40% - 0:00
PK Defense
1 - 100% - 60% - 0:04
2 - 0% - 40% - 0:00
PK3 Forward
1 - 0% - 60%
2 - 0% - 40%
PK3 Defense
1 - 0% - 60%
2 - 0% - 40%
44 Forward
1 - 0% - 60%
2 - 0% - 40%
44 Defense
1 - 0% - 60%
2 - 0% - 40%
Last Minute Offensive  - 0:00
Last Minute Defensive  - 0:00
Total
Forward - 60:00
Defense - 60:00

% Time on Ice - Sharks

Lines # - Real PCT - Wanted PCT - Time Play
Normal Forward
1 - 33% - 40% - 15:42
2 - 27% - 30% - 12:38
3 - 23% - 20% - 10:49
4 - 16% - 10% - 7:43
Normal Defense
1 - 39% - 40% - 18:04
2 - 34% - 30% - 15:43
3 - 26% - 20% - 12:00
4 - 2% - 10% - 1:05
PP Forward
1 - 100% - 60% - 0:04
2 - 0% - 40% - 0:00
PP Defense
1 - 100% - 60% - 0:04
2 - 0% - 40% - 0:00
PK Forward
1 - 76% - 60% - 9:52
2 - 24% - 40% - 3:12
PK Defense
1 - 53% - 60% - 6:59
2 - 47% - 40% - 6:05
PK3 Forward
1 - 0% - 60%
2 - 0% - 40%
PK3 Defense
1 - 0% - 60%
2 - 0% - 40%
44 Forward
1 - 0% - 60%
2 - 0% - 40%
44 Defense
1 - 0% - 60%
2 - 0% - 40%
Last Minute Offensive  - 0:00
Last Minute Defensive  - 0:00
Total
Forward - 60:00
Defense - 60:00

Play-by-Play

1st period


0:01 of 1st period - Sidney Crosby wins face-off versus Jason Spezza in neutral zone.
0:06 of 1st period - Snap shot by Sidney Crosby.
0:06 of 1st period - Stopped by Ryan Miller without a rebound.
0:07 of 1st period - Sidney Crosby wins face-off versus Jason Spezza in Sharks zone.
0:12 of 1st period - Snap shot by Sidney Crosby.
0:12 of 1st period - Stopped by Ryan Miller without a rebound.
0:13 of 1st period - Nick Bjugstad wins face-off versus Brandon Dubinsky in Sharks zone.
1:01 of 1st period - Snap shot by Reilly Smith.
1:01 of 1st period - Stopped by Ryan Miller without a rebound.
1:02 of 1st period - Sidney Crosby wins face-off versus Jason Spezza in Sharks zone.
1:13 of 1st period - Snap shot by Reilly Smith.
1:13 of 1st period - Shot Misses the Net.
1:27 of 1st period - Brayden McNabb is hit by Sergei Kostitsyn and loses puck.
1:40 of 1st period - Backhand shot by Dion Phaneuf.
1:40 of 1st period - Deflect By Marek Svatos.
1:40 of 1st period - Stopped by Ryan Miller with a rebound.
2:15 of 1st period - Snap shot by Reilly Smith.
2:15 of 1st period - Stopped by Ryan Miller without a rebound.
2:16 of 1st period - Luke Adam wins face-off versus Sidney Crosby in Sharks zone.
2:18 of 1st period - Minor Penalty to Luke Adam for Hooking.
2:19 of 1st period - Sidney Crosby wins face-off versus Jason Spezza in Sharks zone.
2:44 of 1st period - Cody Franson is hit by PK Subban and loses puck.
3:19 of 1st period - Wrist shot by Matt Martin.
3:19 of 1st period - Shot Misses the Net.
3:21 of 1st period - Slapshot by Nate Prosser.
3:21 of 1st period - Deflect By Nick Bjugstad.
3:21 of 1st period - Stopped by Ryan Miller with a rebound.
3:23 of 1st period - Wrist shot by Eric Gelinas.
3:23 of 1st period - Shot Blocked by Karl Alzner.
3:25 of 1st period - Slapshot by Colby Armstrong.
3:25 of 1st period - Shot Blocked by Karl Alzner.
3:27 of 1st period - Slapshot by Dion Phaneuf.
3:27 of 1st period - Stopped by Ryan Miller without a rebound.
3:28 of 1st period - Sidney Crosby wins face-off versus Mike Cammalleri in Sharks zone.
3:31 of 1st period - Snap shot by Sidney Crosby.
3:31 of 1st period - Goal by Sidney Crosby - Senateurs : 1 - Sharks : 0.
3:32 of 1st period - Sidney Crosby wins face-off versus Boone Jenner in neutral zone.
3:41 of 1st period - Snap shot by Brandon Dubinsky.
3:41 of 1st period - Shot Misses the Net.
3:43 of 1st period - Slapshot by PK Subban.
3:43 of 1st period - Stopped by Jaroslav Halak without a rebound.
3:44 of 1st period - Nick Bjugstad wins face-off versus Jason Spezza in Senateurs zone.
4:42 of 1st period - Snap shot by Maxim Lapierre.
4:42 of 1st period - Deflect By Marek Svatos.
4:42 of 1st period - Deflect By Tyler Cuma.
4:42 of 1st period - Shot Misses the Net.
4:42 of 1st period - Puck is out of play.
4:43 of 1st period - Nick Bjugstad wins face-off versus Jason Spezza in Sharks zone.
4:46 of 1st period - Wrist shot by Nick Bjugstad.
4:46 of 1st period - Shot Blocked by Jason Spezza.
5:19 of 1st period - Wrist shot by Reilly Smith.
5:19 of 1st period - Shot Misses the Net.
5:29 of 1st period - Snap shot by Marek Svatos.
5:29 of 1st period - Shot Misses the Net.
5:35 of 1st period - Nate Prosser is hit by Drew Doughty and loses puck.
5:41 of 1st period - Icing by Eric Gelinas.
5:42 of 1st period - Maxim Lapierre wins face-off versus Jason Spezza in Senateurs zone.
5:53 of 1st period - Wrist shot by Jason Spezza.
5:53 of 1st period - Goal by Jason Spezza - Senateurs : 1 - Sharks : 1.
5:54 of 1st period - Sidney Crosby wins face-off versus Luke Adam in neutral zone.
6:21 of 1st period - Drew Doughty is hit by Arturs Kulda and loses puck.
7:13 of 1st period - Snap shot by Luke Adam.
7:13 of 1st period - Shot Blocked by Dion Phaneuf.
7:15 of 1st period - Slapshot by Tyler Cuma.
7:15 of 1st period - Shot Misses the Net.
7:27 of 1st period - Snap shot by Marek Svatos.
7:27 of 1st period - Stopped by Ryan Miller without a rebound.
7:28 of 1st period - T.J. Hensick wins face-off versus Maxim Lapierre in Sharks zone.
7:39 of 1st period - Brayden McNabb is hit by Eric Gelinas and loses puck.
8:00 of 1st period - Wrist shot by Maxim Lapierre.
8:00 of 1st period - Stopped by Ryan Miller without a rebound.
8:01 of 1st period - Jason Spezza wins face-off versus Sidney Crosby in Sharks zone.
8:11 of 1st period - Minor Penalty to Jason Spezza for Tripping.
8:12 of 1st period - Zach Boychuk wins face-off versus Sidney Crosby in Sharks zone.
8:46 of 1st period - Slapshot by Cody Franson.
8:46 of 1st period - Shot Misses the Net.
10:11 of 1st period - Penalty to Jason Spezza is over, Jason Spezza is back on ice.
10:40 of 1st period - Arturs Kulda is hit by Brayden McNabb and loses puck.
11:06 of 1st period - Off-side.
11:07 of 1st period - Jason Spezza wins face-off versus Sergei Kostitsyn in neutral zone.
11:14 of 1st period - Karl Alzner is hit by Cody Franson.
11:32 of 1st period - Matt Martin is hit by Boone Jenner.
11:37 of 1st period - Off-side.
11:38 of 1st period - Boone Jenner wins face-off versus Nick Bjugstad in neutral zone.
12:29 of 1st period - Snap shot by Eric Gelinas.
12:29 of 1st period - Deflect By Maxim Lapierre.
12:29 of 1st period - Stopped by Ryan Miller without a rebound.
12:30 of 1st period - Boone Jenner wins face-off versus Nick Bjugstad in Sharks zone.
12:32 of 1st period - Minor Penalty to Oskar Osala for Diving.
12:33 of 1st period - Sidney Crosby wins face-off versus Jason Spezza in Sharks zone.
13:23 of 1st period - Icing by Matt Martin.
13:24 of 1st period - Nick Bjugstad wins face-off versus Mike Cammalleri in Senateurs zone.
13:37 of 1st period - Snap shot by Matt Martin.
13:37 of 1st period - Shot Misses the Net.
13:39 of 1st period - Snap shot by Matt Martin.
13:39 of 1st period - Shot Misses the Net.
13:41 of 1st period - Slapshot by Matt Martin.
13:41 of 1st period - Shot Misses the Net.
14:32 of 1st period - Penalty to Oskar Osala is over, Oskar Osala is back on ice.
14:42 of 1st period - Snap shot by Maxim Lapierre.
14:42 of 1st period - Shot Blocked by Drew Doughty.
15:19 of 1st period - Icing by Nate Prosser.
15:20 of 1st period - T.J. Hensick wins face-off versus Maxim Lapierre in Senateurs zone.
15:41 of 1st period - Wrist shot by Maxim Lapierre.
15:41 of 1st period - Stopped by Ryan Miller without a rebound.
15:42 of 1st period - Luke Adam wins face-off versus Sidney Crosby in Sharks zone.
15:47 of 1st period - Slapshot by PK Subban.
15:47 of 1st period - Shot Misses the Net.
15:49 of 1st period - Wrist shot by PK Subban.
15:49 of 1st period - Shot Misses the Net.
15:59 of 1st period - Wrist shot by Milan Michalek.
15:59 of 1st period - Shot Misses the Net.
16:01 of 1st period - Slapshot by Drew Doughty.
16:01 of 1st period - Stopped by Jaroslav Halak with a rebound.
16:03 of 1st period - Slapshot by PK Subban.
16:03 of 1st period - Stopped by Jaroslav Halak with a rebound.
16:05 of 1st period - Wrist shot by Milan Michalek.
16:05 of 1st period - Goal by Milan Michalek - Senateurs : 1 - Sharks : 2.
16:06 of 1st period - Nick Palmieri wins face-off versus Sidney Crosby in neutral zone.
16:38 of 1st period - Brandon Dubinsky is hit by Nick Bjugstad and loses puck.
16:58 of 1st period - Icing by Marek Svatos.
16:59 of 1st period - Jason Spezza wins face-off versus Maxim Lapierre in Senateurs zone.
17:16 of 1st period - Marek Svatos is hit by Nick Palmieri and loses puck.
18:35 of 1st period - Snap shot by Maxim Lapierre.
18:35 of 1st period - Deflect By Marek Svatos.
18:35 of 1st period - Shot Misses the Net.
18:35 of 1st period - Puck is out of play.
18:36 of 1st period - Sidney Crosby wins face-off versus Jason Spezza in Sharks zone.
19:05 of 1st period - Slapshot by Cody Franson.
19:05 of 1st period - Shot Misses the Net.
19:27 of 1st period - Snap shot by Peter Regin.
19:27 of 1st period - Stopped by Ryan Miller without a rebound.
19:28 of 1st period - T.J. Hensick wins face-off versus Peter Regin in Sharks zone.
19:55 of 1st period - Brandon Burlon is hit by Mike Cammalleri and loses puck.
Goals for this period are 1 for Senateurs vs 2 for Sharks.
Shots for this period are 13 for Senateurs vs 5 for Sharks.

2nd period


0:01 of 2nd period - Jason Spezza wins face-off versus Sidney Crosby in neutral zone.
0:04 of 2nd period - Slapshot by PK Subban.
0:04 of 2nd period - Shot Blocked by Sidney Crosby.
0:06 of 2nd period - Slapshot by Drew Doughty.
0:06 of 2nd period - Shot Blocked by Derek Boogaard.
0:08 of 2nd period - Wrist shot by Jason Spezza.
0:08 of 2nd period - Shot Misses the Net.
0:10 of 2nd period - Snap shot by Mike Cammalleri.
0:10 of 2nd period - Stopped by Jaroslav Halak with a rebound.
0:12 of 2nd period - Slapshot by PK Subban.
0:12 of 2nd period - Shot Blocked by Dion Phaneuf.
0:26 of 2nd period - Boone Jenner is hit by Colby Armstrong and loses puck.
0:33 of 2nd period - Backhand shot by Brandon Dubinsky.
0:33 of 2nd period - Shot Misses the Net.
0:35 of 2nd period - Snap shot by Boone Jenner.
0:35 of 2nd period - Shot Misses the Net.
0:45 of 2nd period - Wrist shot by Zach Boychuk.
0:45 of 2nd period - Stopped by Jaroslav Halak without a rebound.
0:46 of 2nd period - Sidney Crosby wins face-off versus T.J. Hensick in Senateurs zone.
0:46 of 2nd period - Sidney Crosby is hit by Drew Doughty.
1:02 of 2nd period - T.J. Hensick is hit by Reilly Smith and loses puck.
1:13 of 2nd period - Reilly Smith is hit by PK Subban and loses puck.
1:40 of 2nd period - Reilly Smith is hit by Andrej Sekera and loses puck.
2:17 of 2nd period - Snap shot by Derek Boogaard.
2:17 of 2nd period - Shot Blocked by PK Subban.
2:19 of 2nd period - Snap shot by Reilly Smith.
2:19 of 2nd period - Stopped by Ryan Miller with a rebound.
2:29 of 2nd period - Wrist shot by Sidney Crosby.
2:29 of 2nd period - Stopped by Ryan Miller without a rebound.
2:30 of 2nd period - Jason Spezza wins face-off versus Nick Bjugstad in Sharks zone.
2:55 of 2nd period - Brandon Dubinsky is hit by Cody Franson and loses puck.
3:20 of 2nd period - Backhand shot by Drew Doughty.
3:20 of 2nd period - Shot Blocked by Maxim Lapierre.
3:22 of 2nd period - Slapshot by Luke Adam.
3:22 of 2nd period - Goal by Luke Adam - Senateurs : 1 - Sharks : 3.
3:23 of 2nd period - Jason Spezza wins face-off versus Nick Bjugstad in neutral zone.
3:50 of 2nd period - Maxim Lapierre is hit by Drew Doughty and loses puck.
3:57 of 2nd period - Drew Doughty is hit by Dion Phaneuf.
4:01 of 2nd period - Cody Franson is hit by Oskar Osala and loses puck.
4:25 of 2nd period - Double Minor Penalty to Luke Adam for High sticking.
4:26 of 2nd period - Nick Palmieri wins face-off versus Sidney Crosby in Sharks zone.
4:51 of 2nd period - Drew Doughty is hit by Nick Bjugstad.
5:24 of 2nd period - Icing by Colby Armstrong.
5:25 of 2nd period - Nick Bjugstad wins face-off versus Jason Spezza in Senateurs zone.
6:21 of 2nd period - Wrist shot by Sidney Crosby.
6:21 of 2nd period - Goal by Sidney Crosby - Senateurs : 2 - Sharks : 3.
6:22 of 2nd period - Jason Spezza wins face-off versus Nick Bjugstad in neutral zone.
6:27 of 2nd period - Colby Armstrong is hit by Drew Doughty.
6:37 of 2nd period - Nate Prosser is hit by PK Subban and loses puck.
7:13 of 2nd period - Slapshot by Matt Martin.
7:13 of 2nd period - Deflect By Karl Alzner.
7:13 of 2nd period - Shot Blocked by Mike Cammalleri.
7:13 of 2nd period - Puck is out of play.
7:14 of 2nd period - Sidney Crosby wins face-off versus Jason Spezza in Sharks zone.
7:19 of 2nd period - Snap shot by Sidney Crosby.
7:19 of 2nd period - Shot Misses the Net.
7:21 of 2nd period - Snap shot by Cody Franson.
7:21 of 2nd period - Deflect By Sidney Crosby.
7:21 of 2nd period - Stopped by Ryan Miller with a rebound.
7:23 of 2nd period - Snap shot by Reilly Smith.
7:23 of 2nd period - Shot Misses the Net.
7:25 of 2nd period - Slapshot by Dion Phaneuf.
7:25 of 2nd period - Shot Misses the Net.
8:09 of 2nd period - Tyler Cuma is hit by Sidney Crosby and loses puck.
8:21 of 2nd period - Penalty to Luke Adam is over, Luke Adam is back on ice.
8:28 of 2nd period - Maxim Lapierre is hit by Milan Michalek and loses puck.
8:43 of 2nd period - Brayden McNabb is hit by Nate Prosser and loses puck.
9:02 of 2nd period - Wrist shot by Milan Michalek.
9:02 of 2nd period - Goal by Milan Michalek - Senateurs : 2 - Sharks : 4.
9:02 of 2nd period - Jonas Hiller enters game.
9:03 of 2nd period - Sidney Crosby wins face-off versus Jason Spezza in neutral zone.
9:15 of 2nd period - Off-side.
9:16 of 2nd period - Nick Bjugstad wins face-off versus Jason Spezza in neutral zone.
9:41 of 2nd period - Dion Phaneuf is hit by Oskar Osala and loses puck.
10:12 of 2nd period - Snap shot by Milan Michalek.
10:12 of 2nd period - Shot Blocked by Brandon Burlon.
10:14 of 2nd period - Snap shot by Bobby Butler.
10:14 of 2nd period - Shot Blocked by Brandon Burlon.
12:06 of 2nd period - Slapshot by Karl Alzner.
12:06 of 2nd period - Goal by Karl Alzner - Senateurs : 2 - Sharks : 5.
12:07 of 2nd period - Jason Spezza wins face-off versus Nick Bjugstad in neutral zone.
12:15 of 2nd period - Off-side.
12:16 of 2nd period - Jason Spezza wins face-off versus Colby Armstrong in neutral zone.
12:39 of 2nd period - Wrist shot by Nick Bjugstad.
12:39 of 2nd period - Shot Blocked by Drew Doughty.
12:41 of 2nd period - Wrist shot by Nick Bjugstad.
12:41 of 2nd period - Shot Misses the Net.
12:43 of 2nd period - Slapshot by Dion Phaneuf.
12:43 of 2nd period - Stopped by Ryan Miller with a rebound.
12:45 of 2nd period - Slapshot by Colby Armstrong.
12:45 of 2nd period - Shot Misses the Net.
12:47 of 2nd period - Wrist shot by Nick Bjugstad.
12:47 of 2nd period - Shot Blocked by PK Subban.
12:53 of 2nd period - Snap shot by Colby Armstrong.
12:53 of 2nd period - Stopped by Ryan Miller without a rebound.
12:54 of 2nd period - Sidney Crosby wins face-off versus Boone Jenner in Sharks zone.
13:09 of 2nd period - Slapshot by Brayden McNabb.
13:09 of 2nd period - Stopped by Jonas Hiller with a rebound.
14:17 of 2nd period - Wrist shot by Brandon Dubinsky.
14:17 of 2nd period - Shot Misses the Net.
14:19 of 2nd period - Slapshot by Brayden McNabb.
14:19 of 2nd period - Stopped by Jonas Hiller without a rebound.
14:20 of 2nd period - Nick Bjugstad wins face-off versus Boone Jenner in Senateurs zone.
14:31 of 2nd period - Wrist shot by Matt Martin.
14:31 of 2nd period - Stopped by Ryan Miller with a rebound.
14:33 of 2nd period - Wrist shot by Colby Armstrong.
14:33 of 2nd period - Stopped by Ryan Miller without a rebound.
14:34 of 2nd period - Jason Spezza wins face-off versus Sidney Crosby in Sharks zone.
15:30 of 2nd period - Drew Doughty is hit by Marek Svatos and loses puck.
15:57 of 2nd period - Wrist shot by Sidney Crosby.
15:57 of 2nd period - Stopped by Ryan Miller with a rebound.
16:40 of 2nd period - Dion Phaneuf is hit by Tyler Cuma and loses puck.
16:48 of 2nd period - Icing by Oskar Osala.
16:49 of 2nd period - Sidney Crosby wins face-off versus Boone Jenner in Sharks zone.
17:20 of 2nd period - Slapshot by Tyler Cuma.
17:20 of 2nd period - Shot Blocked by Colby Armstrong.
17:22 of 2nd period - Wrist shot by Mike Cammalleri.
17:22 of 2nd period - Shot Misses the Net.
17:24 of 2nd period - Slapshot by Tyler Cuma.
17:24 of 2nd period - Stopped by Jonas Hiller without a rebound.
17:25 of 2nd period - Reilly Smith wins face-off versus Jason Spezza in Senateurs zone.
17:32 of 2nd period - Nick Palmieri is hit by Sidney Crosby and loses puck.
17:49 of 2nd period - Matt Martin is hit by Boone Jenner.
18:11 of 2nd period - Maxim Lapierre is hit by Milan Michalek and loses puck.
18:32 of 2nd period - T.J. Hensick is hit by Sidney Crosby and loses puck.
18:41 of 2nd period - Wrist shot by Sidney Crosby.
18:41 of 2nd period - Stopped by Ryan Miller without a rebound.
18:42 of 2nd period - Nick Bjugstad wins face-off versus Jason Spezza in Sharks zone.
19:03 of 2nd period - Minor Penalty to Jason Spezza for Roughing.
19:04 of 2nd period - Sidney Crosby wins face-off versus Zach Boychuk in Sharks zone.
19:05 of 2nd period - Wrist shot by Derek Boogaard.
19:05 of 2nd period - Stopped by Ryan Miller with a rebound.
19:07 of 2nd period - Wrist shot by Cody Franson.
19:07 of 2nd period - Shot Blocked by Drew Doughty.
19:17 of 2nd period - Backhand shot by Sidney Crosby.
19:17 of 2nd period - Shot Blocked by Zach Boychuk.
Goals for this period are 1 for Senateurs vs 3 for Sharks.
Shots for this period are 11 for Senateurs vs 8 for Sharks.

3rd period


0:01 of 3rd period - Zach Boychuk wins face-off versus Sidney Crosby in neutral zone.
0:35 of 3rd period - PK Subban is hit by Nick Bjugstad and loses puck.
0:52 of 3rd period - Backhand shot by Zach Boychuk.
0:52 of 3rd period - Shot Blocked by Derek Boogaard.
1:03 of 3rd period - Penalty to Jason Spezza is over, Jason Spezza is back on ice.
1:36 of 3rd period - Wrist shot by Jason Spezza.
1:36 of 3rd period - Stopped by Jonas Hiller with a rebound.
1:38 of 3rd period - Wrist shot by Jason Spezza.
1:38 of 3rd period - Stopped by Jonas Hiller without a rebound.
1:39 of 3rd period - Sidney Crosby wins face-off versus Luke Adam in Senateurs zone.
1:39 of 3rd period - Sidney Crosby is hit by Drew Doughty.
2:12 of 3rd period - Slapshot by Drew Doughty.
2:12 of 3rd period - Shot Blocked by Arturs Kulda.
2:14 of 3rd period - Wrist shot by Jiri Tlusty.
2:14 of 3rd period - Stopped by Jonas Hiller with a rebound.
2:30 of 3rd period - Brayden McNabb is hit by Sergei Kostitsyn and loses puck.
3:32 of 3rd period - Nate Prosser is hit by Zach Boychuk and loses puck.
3:54 of 3rd period - Wrist shot by Sidney Crosby.
3:54 of 3rd period - Shot Blocked by Nick Palmieri.
3:56 of 3rd period - Wrist shot by Reilly Smith.
3:56 of 3rd period - Goal by Reilly Smith - Senateurs : 3 - Sharks : 5.
3:57 of 3rd period - Jason Spezza wins face-off versus Sidney Crosby in neutral zone.
4:12 of 3rd period - Slapshot by Nick Palmieri.
4:12 of 3rd period - Shot Misses the Net.
4:31 of 3rd period - Brayden McNabb is hit by Dion Phaneuf and loses puck.
4:54 of 3rd period - Snap shot by Luke Adam.
4:54 of 3rd period - Stopped by Jonas Hiller with a rebound.
5:00 of 3rd period - Snap shot by Bobby Butler.
5:00 of 3rd period - Shot Blocked by Marek Svatos.
5:19 of 3rd period - Snap shot by Tyler Cuma.
5:19 of 3rd period - Stopped by Jonas Hiller with a rebound.
5:21 of 3rd period - Wrist shot by Mike Cammalleri.
5:21 of 3rd period - Deflect By Nick Palmieri.
5:21 of 3rd period - Stopped by Jonas Hiller without a rebound.
5:22 of 3rd period - Reilly Smith wins face-off versus Jason Spezza in Senateurs zone.
5:37 of 3rd period - Slapshot by Jason Spezza.
5:37 of 3rd period - Stopped by Jonas Hiller with a rebound.
5:39 of 3rd period - Slapshot by Mike Cammalleri.
5:39 of 3rd period - Shot Misses the Net.
5:41 of 3rd period - Wrist shot by Jason Spezza.
5:41 of 3rd period - Shot Blocked by Derek Boogaard.
5:43 of 3rd period - Snap shot by Karl Alzner.
5:43 of 3rd period - Deflect By Reilly Smith.
5:43 of 3rd period - Stopped by Jonas Hiller with a rebound.
5:45 of 3rd period - Wrist shot by Jason Spezza.
5:45 of 3rd period - Shot Hit the Post.
5:57 of 3rd period - Slapshot by Brandon Burlon.
5:57 of 3rd period - Stopped by Ryan Miller without a rebound.
5:58 of 3rd period - Boone Jenner wins face-off versus Nick Bjugstad in Sharks zone.
6:07 of 3rd period - Snap shot by Nick Bjugstad.
6:07 of 3rd period - Shot Blocked by PK Subban.
6:31 of 3rd period - Snap shot by Marek Svatos.
6:31 of 3rd period - Shot Misses the Net.
6:33 of 3rd period - Wrist shot by Sergei Kostitsyn.
6:33 of 3rd period - Shot Blocked by Drew Doughty.
6:35 of 3rd period - Snap shot by Dion Phaneuf.
6:35 of 3rd period - Shot Blocked by Drew Doughty.
6:37 of 3rd period - Wrist shot by Maxim Lapierre.
6:37 of 3rd period - Shot Misses the Net.
7:59 of 3rd period - Snap shot by Nick Bjugstad.
7:59 of 3rd period - Stopped by Ryan Miller with a rebound.
8:01 of 3rd period - Snap shot by Brandon Burlon.
8:01 of 3rd period - Shot Misses the Net.
8:03 of 3rd period - Slapshot by Arturs Kulda.
8:03 of 3rd period - Shot Misses the Net.
9:38 of 3rd period - Wrist shot by Milan Michalek.
9:38 of 3rd period - Shot Blocked by Reilly Smith.
10:06 of 3rd period - Nate Prosser is hit by T.J. Hensick and loses puck.
10:21 of 3rd period - Eric Gelinas is hit by Nick Palmieri and loses puck.
10:36 of 3rd period - Anthony Bitetto is hit by Brayden McNabb and loses puck.
10:56 of 3rd period - Brandon Burlon is hit by Milan Michalek and loses puck.
11:24 of 3rd period - Matt Martin is hit by Mike Cammalleri.
11:30 of 3rd period - Minor Penalty to Nick Palmieri for Tripping.
11:31 of 3rd period - Jason Spezza wins face-off versus Sidney Crosby in Sharks zone.
12:03 of 3rd period - Slapshot by Cody Franson.
12:03 of 3rd period - Stopped by Ryan Miller with a rebound.
13:30 of 3rd period - Penalty to Nick Palmieri is over, Nick Palmieri is back on ice.
13:40 of 3rd period - Andrej Sekera is hit by Sergei Kostitsyn.
13:50 of 3rd period - Brandon Burlon is hit by Mike Cammalleri.
13:54 of 3rd period - Arturs Kulda is hit by Andrej Sekera and loses puck.
14:13 of 3rd period - Slapshot by Nick Palmieri.
14:13 of 3rd period - Deflect By Arturs Kulda.
14:13 of 3rd period - Stopped by Jonas Hiller with a rebound.
14:15 of 3rd period - Slapshot by Tyler Cuma.
14:15 of 3rd period - Deflect By Marek Svatos.
14:15 of 3rd period - Stopped by Jonas Hiller with a rebound.
14:17 of 3rd period - Slapshot by Drew Doughty.
14:17 of 3rd period - Shot Blocked by Arturs Kulda.
14:39 of 3rd period - Marek Svatos is hit by Brayden McNabb and loses puck.
14:58 of 3rd period - Snap shot by Maxim Lapierre.
14:58 of 3rd period - Shot Blocked by Boone Jenner.
15:00 of 3rd period - Slapshot by Eric Gelinas.
15:00 of 3rd period - Stopped by Ryan Miller without a rebound.
15:01 of 3rd period - Luke Adam wins face-off versus Sidney Crosby in Sharks zone.
16:15 of 3rd period - Wrist shot by Jason Spezza.
16:15 of 3rd period - Shot Misses the Net.
16:17 of 3rd period - Slapshot by Tyler Cuma.
16:17 of 3rd period - Shot Misses the Net.
17:32 of 3rd period - T.J. Hensick is hit by Colby Armstrong and loses puck.
17:39 of 3rd period - Colby Armstrong is hit by Bobby Butler and loses puck.
18:58 of 3rd period - Bobby Butler is hit by Eric Gelinas and loses puck.
19:44 of 3rd period - Minor Penalty to Arturs Kulda for Hooking.
19:45 of 3rd period - Jason Spezza wins face-off versus Sidney Crosby in Senateurs zone.
19:46 of 3rd period - Slapshot by Drew Doughty.
19:46 of 3rd period - Stopped by Jonas Hiller with a rebound.
19:48 of 3rd period - Snap shot by Jason Spezza.
19:48 of 3rd period - Goal by Jason Spezza - Senateurs : 3 - Sharks : 6.
19:49 of 3rd period - Jason Spezza wins face-off versus Sidney Crosby in neutral zone.
Goals for this period are 1 for Senateurs vs 1 for Sharks.
Shots for this period are 5 for Senateurs vs 12 for Sharks.